MWL
QUINCY CUBS @ WISCONSIN RAPIDS TIMBER RATTLERS
04/28/1982
 
TOP OF THE 1ST
Quincy Cubs batting - Pitching for Wisconsin Rapids Timber Rattlers : LHP Raul Morales
Pitching: LHP Raul Morales
Batting: RHB Jack Ayer 0-0: Ball
1-0: Foul Ball, location: 2F
1-1: Ground out 6-3 (Groundball, 6MS, EV 75.6 MPH)
Batting: RHB Albert Romero 0-0: Fly out, F5 (Popup, 5F, EV 83.1 MPH)
Batting: SHB Willie Perez 0-0: Called Strike
0-1: Ball
1-1: Ball
2-1: SINGLE (Flyball, 5D, EV 90.6 MPH)
Batting: RHB Billy Best 0-0: Swinging Strike
0-1: Ball
1-1: Foul Ball, location: 2F
1-2: Strikes out swinging
Top of the 1st over - 0 runs, 1 hit, 0 errors, 1 left on base; Quincy 0 - Wisconsin Rapids 0
BOTTOM OF THE 1ST
Wisconsin Rapids Timber Rattlers batting - Pitching for Quincy Cubs : RHP Charles Lusted
Pitching: RHP Charles Lusted
Batting: RHB Tim Pyznarski 0-0: Called Strike
0-1: Foul Ball, location: 2F
0-2: Foul Ball, location: 2F
0-2: Strikes out looking
Batting: RHB Jim Presley 0-0: Ball
1-0: Swinging Strike
1-1: SINGLE (Groundball, 4MS, EV 70.6 MPH) (infield hit)
Batting: LHB Dion James 0-0: Ball
1-0: Swinging Strike
1-1: Ball
2-1: Called Strike
2-2: Ball
3-2: SINGLE (Flyball, 34D, EV 88.8 MPH)
Jim Presley to second
Batting: LHB Greg Smith 0-0: Called Strike
0-1: Ball
1-1: Called Strike
1-2: Ball
2-2: Foul Ball, location: 2F
2-2: Strikes out swinging
Batting: RHB Barbaro Garbey 0-0: Called Strike
0-1: Ground out 4-3 (Groundball, 4, EV 89.4 MPH)
Bottom of the 1st over - 0 runs, 2 hits, 0 errors, 2 left on base; Quincy 0 - Wisconsin Rapids 0
TOP OF THE 2ND
Quincy Cubs batting - Pitching for Wisconsin Rapids Timber Rattlers : LHP Raul Morales
Batting: LHB Matt Nokes 0-0: Foul Ball, location: 2F
0-1: Foul Ball, location: 2F
0-2: Fly out, F7 (Flyball, 7D, EV 104.4 MPH)
Batting: RHB Jerry Fry 0-0: Ball
1-0: Called Strike
1-1: Called Strike
1-2: Ball
2-2: Strikes out swinging
Batting: LHB Dennis Mork 0-0: Ball
1-0: Ball
2-0: Foul Ball, location: 2F
2-1: Ball
3-1: Called Strike
3-2: Base on Balls
Batting: RHB Garry Keeton 0-0: Foul Ball, location: 2F
0-1: 2-RUN HOME RUN (Flyball, 7LD, EV 106.3 MPH), Distance : 365 ft
Batting: SHB Selwyn Young 0-0: Ground out 6-3 (Groundball, 6, EV 102.5 MPH)
Top of the 2nd over - 2 runs, 1 hit, 0 errors, 0 left on base; Quincy 2 - Wisconsin Rapids 0
BOTTOM OF THE 2ND
Wisconsin Rapids Timber Rattlers batting - Pitching for Quincy Cubs : RHP Charles Lusted
Batting: LHB Matt Hall 0-0: Ball
1-0: Called Strike
1-1: Swinging Strike
1-2: Fly out, F9 (Flyball, 9LD, EV 86.3 MPH)
Batting: RHB Darryl Motley 0-0: Ball
1-0: Foul Ball, location: 2F
1-1: Fly out, F9 (Flyball, 9LS, EV 92.5 MPH)
Batting: RHB Al Pedrique 0-0: Called Strike
0-1: Ball
1-1: Ball
2-1: Ball
3-1: Called Strike
3-2: Ground out 4-3 (Groundball, 4, EV 83.8 MPH)
Bottom of the 2nd over - 0 runs, 0 hits, 0 errors, 0 left on base; Quincy 2 - Wisconsin Rapids 0
TOP OF THE 3RD
Quincy Cubs batting - Pitching for Wisconsin Rapids Timber Rattlers : LHP Raul Morales
Batting: RHB Jack Ayer 0-0: Ball
1-0: Foul Ball, location: 2F
1-1: SOLO HOME RUN (Flyball, 9D, EV 94.4 MPH), Distance : 347 ft
Batting: RHB Albert Romero 0-0: Ball
1-0: Ball
2-0: Fly out, F7 (Flyball, 7S, EV 88.1 MPH)
Batting: SHB Willie Perez 0-0: Ball
1-0: Foul Ball, location: 2F
1-1: Ground out 6-3 (Groundball, 6, EV 84.4 MPH)
Batting: RHB Billy Best 0-0: Ball
1-0: Ball
2-0: Foul Ball, location: 2F
2-1: Ball
3-1: Base on Balls
Batting: LHB Matt Nokes 0-0: Called Strike
0-1: Ball
1-1: Ball
2-1: Foul Ball, location: 2F
2-2: Strikes out swinging
Top of the 3rd over - 1 run, 1 hit, 0 errors, 1 left on base; Quincy 3 - Wisconsin Rapids 0
BOTTOM OF THE 3RD
Wisconsin Rapids Timber Rattlers batting - Pitching for Quincy Cubs : RHP Charles Lusted
Batting: RHB Phil Lombardi 0-0: Ground out 4-3 (Groundball, 4, EV 93.1 MPH)
Batting: RHB Tim Pyznarski 0-0: Swinging Strike
0-1: Foul Ball, location: 2F
0-2: Ball
1-2: Ground out 4-3 (Groundball, P, EV 83.8 MPH)
Batting: RHB Jim Presley 0-0: Ball
1-0: Ball
2-0: Ball
3-0: Base on Balls
Batting: LHB Dion James 0-0: Ball
1-0: Ball
2-0: Fly out, F9 (Flyball, 89M, EV 89.4 MPH)
Bottom of the 3rd over - 0 runs, 0 hits, 0 errors, 1 left on base; Quincy 3 - Wisconsin Rapids 0
TOP OF THE 4TH
Quincy Cubs batting - Pitching for Wisconsin Rapids Timber Rattlers : LHP Raul Morales
Batting: RHB Jerry Fry 0-0: Ball
1-0: Called Strike
1-1: Ball
2-1: Foul Ball, location: 2F
2-2: Ball
3-2: Fly out, F7 (Line Drive, 7S, EV 95.0 MPH)
Batting: LHB Dennis Mork 0-0: Called Strike
0-1: Called Strike
0-2: SINGLE (Line Drive, 7S, EV 108.1 MPH)
Batting: RHB Garry Keeton 0-0: Ball
1-0: Grounds into double play, 5-4-3 (Groundball, 56S, EV 80.0 MPH)
Top of the 4th over - 0 runs, 1 hit, 0 errors, 0 left on base; Quincy 3 - Wisconsin Rapids 0
BOTTOM OF THE 4TH
Wisconsin Rapids Timber Rattlers batting - Pitching for Quincy Cubs : RHP Charles Lusted
Batting: LHB Greg Smith 0-0: Foul Ball, location: 2F
0-1: Ball
1-1: Foul Ball, location: 2F
1-2: Fly out, F5 (Line Drive, 5, EV 71.9 MPH)
Pitching: RHP Craig Herberholz
Batting: RHB Barbaro Garbey 0-0: Ball
1-0: Called Strike
1-1: Ground out 5-3 (Groundball, 5, EV 78.8 MPH)
Batting: LHB Matt Hall 0-0: Ground out 6-3 (Groundball, 6, EV 105.6 MPH)
Bottom of the 4th over - 0 runs, 0 hits, 0 errors, 0 left on base; Quincy 3 - Wisconsin Rapids 0
TOP OF THE 5TH
Quincy Cubs batting - Pitching for Wisconsin Rapids Timber Rattlers : LHP Raul Morales
Batting: SHB Selwyn Young 0-0: Ball
1-0: Foul Ball, location: 2F
1-1: Fly out, F9 (Flyball, 9S, EV 92.5 MPH)
Batting: RHB Jack Ayer 0-0: Called Strike
0-1: Ball
1-1: Foul Ball, location: 2F
1-2: Ball
2-2: Ground out 5-3 (Groundball, 15, EV 85.6 MPH)
Batting: RHB Albert Romero 0-0: Ball
1-0: Ball
2-0: Called Strike
2-1: Ground out 6-3 (Groundball, 6MS, EV 75.6 MPH)
Top of the 5th over - 0 runs, 0 hits, 0 errors, 0 left on base; Quincy 3 - Wisconsin Rapids 0
BOTTOM OF THE 5TH
Wisconsin Rapids Timber Rattlers batting - Pitching for Quincy Cubs : RHP Craig Herberholz
Batting: RHB Darryl Motley 0-0: Foul Ball, location: 2F
0-1: Ball
1-1: Foul Ball, location: 2F
1-2: Ball
2-2: Foul Ball, location: 2F
2-2: SINGLE (Groundball, 56D, EV 97.5 MPH) (infield hit)
Batting: RHB Al Pedrique 0-0: Fly out, F7 (Line Drive, 7, EV 102.5 MPH)
Batting: RHB Phil Lombardi 0-0: Ball
1-0: Grounds into double play, 6-4-3 (Groundball, 6, EV 100.0 MPH)
Bottom of the 5th over - 0 runs, 1 hit, 0 errors, 0 left on base; Quincy 3 - Wisconsin Rapids 0
TOP OF THE 6TH
Quincy Cubs batting - Pitching for Wisconsin Rapids Timber Rattlers : LHP Raul Morales
Batting: SHB Willie Perez 0-0: SINGLE (Line Drive, 7LS, EV 96.9 MPH)
Batting: RHB Billy Best 0-0: Ball
1-0: Ball
2-0: Ball
3-0: Base on Balls
Willie Perez to second
Batting: LHB Matt Nokes 0-0: Ball
1-0: Called Strike
1-1: Foul Ball, location: 2F
1-2: Ball
2-2: Foul Ball, location: 2F
2-2: Ball
3-2: Ground out 5-3 (Groundball, 56S, EV 63.8 MPH)
Willie Perez to third
Billy Best to second
Batting: RHB Jerry Fry 0-0: Called Strike
0-1: Foul Ball, location: 2F
0-2: Ball
1-2: Strikes out looking
Batting: LHB Dennis Mork 0-0: Foul Ball, location: 2F
0-1: Ball
1-1: Foul Ball, location: 2F
1-2: Foul Ball, location: 2F
1-2: Ball
2-2: Ground out 6-3 (Groundball, 6, EV 102.5 MPH)
Top of the 6th over - 0 runs, 1 hit, 0 errors, 2 left on base; Quincy 3 - Wisconsin Rapids 0
BOTTOM OF THE 6TH
Wisconsin Rapids Timber Rattlers batting - Pitching for Quincy Cubs : RHP Craig Herberholz
Batting: RHB Tim Pyznarski 0-0: Ball
1-0: Foul Ball, location: 2F
1-1: Called Strike
1-2: Foul Ball, location: 2F
1-2: Ball
2-2: Foul Ball, location: 2F
2-2: Foul Ball, location: 2F
2-2: Ball
3-2: Fly out, F5 (Popup, 5SF, EV 83.8 MPH)
Batting: RHB Jim Presley 0-0: Hit by Pitch
Batting: LHB Dion James 0-0: Foul Ball, location: 2F
0-1: Swinging Strike
0-2: Ball
1-2: Ball
2-2: Ball
3-2: Fly out, F9 (Flyball, 9LS, EV 95.6 MPH)
Batting: LHB Greg Smith 0-0: Called Strike
0-1: Ball
1-1: Ball
2-1: SINGLE (Groundball, 4D, EV 102.5 MPH)
Jim Presley to second
Runner from 2nd tries for 3rd, SAFE, throw by CF made to third
Batting: RHB Barbaro Garbey 0-0: Ball
1-0: Ball
2-0: Ball
3-0: Base on Balls
Greg Smith to second
Batting: LHB Matt Hall 0-0: SINGLE (Groundball, 4MS, EV 67.5 MPH) (infield hit)
Jim Presley scores
Greg Smith to third
Barbaro Garbey to second
Batting: RHB Darryl Motley 0-0: Ball
1-0: Swinging Strike
1-1: Ball
2-1: Foul Ball, location: 2F
2-2: Foul Ball, location: 2F
2-2: Strikes out swinging
Bottom of the 6th over - 1 run, 2 hits, 0 errors, 3 left on base; Quincy 3 - Wisconsin Rapids 1
TOP OF THE 7TH
Quincy Cubs batting - Pitching for Wisconsin Rapids Timber Rattlers : LHP Raul Morales
Batting: RHB Garry Keeton 0-0: Ball
1-0: Ground out U3 (Groundball, 3, EV 101.9 MPH)
Batting: SHB Selwyn Young 0-0: Ball
1-0: Foul Ball, location: 2F
1-1: Ground out 6-3 (Groundball, 6, EV 83.1 MPH)
Batting: RHB Jack Ayer 0-0: Ball
1-0: Ball
2-0: Ball
3-0: Called Strike
3-1: Base on Balls
Pitching: RHP Steve Korczyk
Batting: RHB Albert Romero 0-0: Ball
Jack Ayer steals 2nd base
1-0: Foul Ball, location: 2F
1-1: Foul Ball, location: 2F
1-2: Ball
2-2: Fly out, F7 (Flyball, 7LD, EV 95.0 MPH)
Top of the 7th over - 0 runs, 0 hits, 0 errors, 1 left on base; Quincy 3 - Wisconsin Rapids 1
BOTTOM OF THE 7TH
Wisconsin Rapids Timber Rattlers batting - Pitching for Quincy Cubs : RHP Craig Herberholz
Batting: RHB Al Pedrique 0-0: Ball
1-0: Ball
2-0: Called Strike
2-1: Swinging Strike
2-2: Foul Ball, location: 2F
2-2: Foul Ball, location: 2F
2-2: Hit by Pitch
Batting: RHB Phil Lombardi 0-0: Called Strike
0-1: Foul Ball, location: 2F
0-2: Ball
1-2: Ball
2-2: Ball
3-2: Fly out, F4 (Flyball, 34D, EV 83.8 MPH)
Batting: RHB Tim Pyznarski 0-0: Ball
1-0: Ball
Al Pedrique steals 2nd base
2-0: Ball
3-0: Base on Balls
Batting: RHB Jim Presley 0-0: Fly out, F7 (Flyball, 78D, EV 100.6 MPH)
Batting: LHB Dion James 0-0: Ball
1-0: Ball
2-0: Called Strike
2-1: Foul Ball, location: 2F
2-2: Fly out, F4 (Flyball, 4D, EV 86.3 MPH)
Bottom of the 7th over - 0 runs, 0 hits, 0 errors, 2 left on base; Quincy 3 - Wisconsin Rapids 1
TOP OF THE 8TH
Quincy Cubs batting - Pitching for Wisconsin Rapids Timber Rattlers : RHP Steve Korczyk
Batting: SHB Willie Perez 0-0: Called Strike
0-1: Foul Ball, location: 2F
0-2: Ball
1-2: Ball
2-2: Ball
3-2: Foul Ball, location: 2F
3-2: Ground out U3 (Groundball, 3, EV 99.4 MPH)
Batting: RHB Billy Best 0-0: Ball
1-0: Ball
2-0: Ball
3-0: Base on Balls
Batting: LHB Matt Nokes 0-0: Ball
1-0: Called Strike
1-1: Called Strike
1-2: Strikes out swinging
Batting: RHB Jerry Fry 0-0: Called Strike
0-1: Ground out 5-3 (Groundball, 56S, EV 88.1 MPH)
Top of the 8th over - 0 runs, 0 hits, 0 errors, 1 left on base; Quincy 3 - Wisconsin Rapids 1
BOTTOM OF THE 8TH
Wisconsin Rapids Timber Rattlers batting - Pitching for Quincy Cubs : RHP Craig Herberholz
Batting: LHB Greg Smith 0-0: Ball
1-0: Called Strike
1-1: Ball
2-1: Ball
3-1: Base on Balls
Pitching: LHP Stephen Gelfarb
Batting: RHB Barbaro Garbey 0-0: Called Strike
0-1: Foul Ball, location: 2F
0-2: Fly out, F4 (Popup, 34, EV 68.1 MPH)
Batting: LHB Matt Hall 0-0: Called Strike
0-1: Ball
1-1: Ball
2-1: Fielders Choice at 2nd, 4-6 (Groundball, 34, EV 86.3 MPH)
Batting: RHB Darryl Motley 0-0: Called Strike
0-1: Ball
1-1: Called Strike
1-2: Ball
2-2: SINGLE (Groundball, 4MD, EV 93.8 MPH)
Matt Hall to second
Runner from 2nd tries for 3rd, OUT! 8-5
Bottom of the 8th over - 0 runs, 1 hit, 0 errors, 1 left on base; Quincy 3 - Wisconsin Rapids 1
TOP OF THE 9TH
Quincy Cubs batting - Pitching for Wisconsin Rapids Timber Rattlers : RHP Steve Korczyk
Batting: LHB Dennis Mork 0-0: Called Strike
0-1: Ball
1-1: TRIPLE (Flyball, 78XD, EV 100.6 MPH)
Batting: RHB Garry Keeton 0-0: Ball
1-0: Ball
2-0: Foul Ball, location: 2F
2-1: Foul Ball, location: 2F
2-2: Foul Ball, location: 2F
2-2: Ball
3-2: Foul Ball, location: 2F
3-2: SINGLE (Line Drive, 8LS, EV 95.0 MPH)
Dennis Mork scores
Batting: SHB Selwyn Young 0-0: Bunt missed!
0-1: Ball
1-1: Bunt missed!
1-2: SINGLE (Groundball, 34S, EV 66.9 MPH) (infield hit)
Garry Keeton to second
Pitching: RHP Bill Peltola
Batting: RHB Jack Ayer 0-0: SINGLE (Flyball, 7S, EV 90.6 MPH)
Garry Keeton to third
Selwyn Young to second
Pitching: LHP Scott Bailes
Batting: RHB Albert Romero 0-0: GRAND SLAM HOME RUN (Flyball, 7LD, EV 106.3 MPH), Distance : 354 ft
Batting: SHB Willie Perez 0-0: Called Strike
0-1: Foul Ball, location: 2F
0-2: DOUBLE (Groundball, 5L, EV 98.1 MPH)
Pinch Hitting: RHB Samuel Bass 0-0: Ball
1-0: Foul Ball, location: 2F
1-1: SINGLE (Groundball, 4MS, EV 73.8 MPH) (infield hit)
Willie Perez to third
Pinch Hitting: RHB Roger Hansen 0-0: Called Strike
0-1: Swinging Strike
0-2: Strikes out swinging
Pinch Hitting: RHB Alex Juarez 0-0: Called Strike
0-1: Called Strike
0-2: SINGLE (Groundball, 4M, EV 106.9 MPH) (infield hit)
Willie Perez scores
Samuel Bass to second
Batting: LHB Dennis Mork 0-0: Ball
1-0: Fly out, F8 (Flyball, 8RM, EV 95.0 MPH)
Batting: RHB Garry Keeton 0-0: Called Strike
0-1: Swinging Strike
0-2: Ball
1-2: Foul Ball, location: 2F
1-2: Strikes out swinging
Top of the 9th over - 6 runs, 8 hits, 0 errors, 2 left on base; Quincy 9 - Wisconsin Rapids 1
BOTTOM OF THE 9TH
Wisconsin Rapids Timber Rattlers batting - Pitching for Quincy Cubs : LHP Stephen Gelfarb
Now at C: Roger Hansen
Now at SS: Alex Juarez
Now in LF: George Crum
Pinch Hitting: RHB Richard Lane 0-0: Called Strike
0-1: Ball
1-1: Ball
2-1: Ball
3-1: Base on Balls
Batting: RHB Phil Lombardi 0-0: Fly out, F3 (Popup, 3SF, EV 75.0 MPH)
Batting: RHB Tim Pyznarski 0-0: Ball
1-0: Foul Ball, location: 2F
1-1: Ball
2-1: Fly out, F9 (Line Drive, 9, EV 93.8 MPH)
Batting: RHB Jim Presley 0-0: SINGLE (Groundball, 56S, EV 72.5 MPH) (infield hit)
Richard Lane to second
Batting: LHB Dion James 0-0: Ball
1-0: Foul Ball, location: 2F
1-1: Ball
2-1: Fly out, F7 (Flyball, 78M, EV 90.0 MPH)
Bottom of the 9th over - 0 runs, 1 hit, 0 errors, 2 left on base; Quincy 9 - Wisconsin Rapids 1
Thursday, July 23rd, 2020 - OOTP Baseball 21.5 Build 71